 Dungeon Crawl Stone Soup version 0.29-a0-113-g078de9bc30 (webtiles) character file.

Game seed: 11940599888362901269

392 drugrobin the Cutter (level 6, -2/75 HPs)
             Began as a Demigod Warper on Feb 19, 2022.
             Slain by a lemure (7 damage)
             ... led by Pikel
             ... on level 4 of the Dungeon.
             The game lasted 00:10:33 (4095 turns).

drugrobin the Cutter (Demigod Warper)               Turns: 4095, Time: 00:10:33

Health: -2/75      AC:  6    Str: 12    XL:     6   Next: 25%
Magic:  11/11      EV: 12    Int: 15    God:
Gold:   207        SH:  0    Dex: 27    Spells: 3/8 levels left

rFire   . . .      SeeInvis .   a - +2 dagger (speed)
rCold   . . .      Faith    .   (no shield)
rNeg    . . .      Spirit   .   m - +0 leather armour
rPois   .          Reflect  .   (no helmet)
rElec   .          Harm     .   q - +0 cloak
rCorr   .          Rampage  .   j - +0 pair of gloves
Will    .....                   k - +0 pair of boots
Stlth   ..........              (no amulet)
HPRegen 0.22/turn               s - +6 ring of dexterity
MPRegen 0.12/turn               (no ring)

@: berserking, very quick
A: high MP 1, forlorn, divine attributes
a: no special abilities


You were on level 4 of the Dungeon.
You visited 1 branch of the dungeon, and saw 4 of its levels.

You collected 207 gold pieces.

Inventory:

Hand Weapons
 a - a +2 dagger of speed (weapon)
 b - a +0 hunting sling
 c - a +1 dagger of venom
 g - a +0 short sword
Missiles
 d - 4 boomerangs of dispersal
 f - 148 stones
 l - 5 datura-tipped darts
 n - 5 boomerangs (quivered)
 t - 19 sling bullets
 u - 6 atropa-tipped darts
 z - a throwing net
 B - 6 poisoned darts
Armour
 j - a +0 pair of gloves (worn)
 k - a +0 pair of boots (worn)
 m - a +0 leather armour (worn)
 q - a +0 cloak (worn)
Magical Staves
 r - a staff of death
Jewellery
 s - a +6 ring of dexterity (left hand)
Scrolls
 e - 2 scrolls of fear {unknown}
 i - a scroll of blinking
 v - a scroll of immolation {unknown}
 x - a scroll of magic mapping {unknown}
 y - a scroll of identify
 D - a scroll of teleportation {unknown}
 E - a scroll of enchant weapon {unknown}
 F - a scroll of noise {unknown}
 G - a scroll of vulnerability {unknown}
Potions
 h - 2 potions of curing
 w - a potion of magic {unknown}
 A - a potion of resistance {unknown}
 C - a potion of mutation {unknown}


   Skills:
 + Level 2.5 Fighting
 * Level 4.6 Short Blades
 - Level 0.8 Throwing
 - Level 0.8 Armour
 - Level 1.7 Dodging
 + Level 4.0 Stealth
 - Level 1.7 Spellcasting
 + Level 2.9 Translocations


You had 3 spell levels left.
You knew the following spells:

 Your Spells              Type           Power      Damage    Failure   Level
a - Blink                 Tloc           20%        N/A       13%         2
b - Teleport Other        Tloc           10%        N/A       26%         3

Your spell library contained the following spells:

 Spells                   Type           Power      Damage    Failure   Level
 Gell's Gravitas          Tloc           10%        N/A       26%         3
 Lesser Beckoning         Tloc           10%        N/A       26%         3
 Manifold Assault         Tloc           10%        N/A       94%         5


Dungeon Overview and Level Annotations

Branches:
Dungeon (4/15)
 Temple: D:4-7

Annotations:
D:4 Pikel


Innate Abilities, Weirdness & Mutations

You have an increased reservoir of magic. (+10% MP)
You shall have no god before yourself.
Your divine heritage dramatically boosts your attributes as you level up.


Message History

Pikel is heavily wounded.
Unknown command.
Unknown command.
Unknown command.
Unknown command.
Unknown command.
Unknown command.
It was a potion of cancellation.
You feel magically purged. The lemure barely misses you.
Pikel hits you but does no damage.
Unknown command.
It was a potion of berserk rage.
A red film seems to cover your vision as you go berserk!
You feel yourself moving faster!
You feel mighty! The lemure misses you.
Pikel zaps a wand.
The bolt of acid misses you.
Unknown command.
Unknown command.
You miss Pikel.
Pikel is heavily wounded.
The lemure hits you.
* * * LOW HITPOINT WARNING * * *
You puncture Pikel!
Pikel is severely wounded.
Pikel hits you with a +1 whip of freezing!
* * * LOW HITPOINT WARNING * * *
Pikel freezes you.
* * * LOW HITPOINT WARNING * * *
Unknown command.
You are possessed by a berserker rage.
Your movement speed is very quick.
Your attack delay is about 0.3.
Your base attributes are Str 12, Int 15, Dex 21.
Unknown command.
Unknown command.
You miss Pikel.
Pikel is almost dead.
Unknown command.
Unknown command.
You barely miss Pikel.
Pikel is almost dead.
The lemure hits you!
You die...

....'.........K##≈≈♣##'##........
..(.#..........'≈♣♣#♣≈≈##########
....#.....####.#≈♣#♣≈♣♣≈#
..(.#.....## ###♣≈♣≈♣# ≈#
....#......####♣#♣≈≈≈♣ ♣#
.>..'......'..#P #♣5♣≈♣
....#......####≈♣♣5♣#♣≈#
....#......# #K5♣ ≈+ ....#......#
###@## # ...........# #....#####
...........# ###).....#
........)..# ##..(..#
.......†...# #.....# .......#####
#.....# .......# #.....# .......#
####### .......#


You could see Pikel (very poisoned) and 3 lemures.

Vanquished Creatures
  A lemure (D:4)
  A scorpion (D:4)
  A hound (D:3)
  A jelly (D:4)
  An orc priest (D:3)
  A centaur skeleton (D:3)
  Jessica (D:2)
  A howler monkey skeleton (D:4)
  4 gnolls (D:2)
  5 adders
  A worm (D:3)
  2 dart slugs
  10 orcs
  4 ball pythons
  5 endoplasms
  2 giant cockroaches (D:1)
  10 goblins
  5 hobgoblins
  4 jackals (D:1)
  7 kobolds
  4 bats
  5 frilled lizards
  8 rats
84 creatures vanquished.

Vanquished Creatures (others)
  2 plants
2 creatures vanquished.

Grand Total: 86 creatures vanquished

Notes
Turn   | Place    | Note
-------+----------+-------------------------------------------
     0 | D:1      | drugrobin the Demigod Warper began the quest for the Orb.
     0 | D:1      | Reached XP level 1. HP: 17/17 MP: 5/5
   165 | D:1      | Reached skill level 1 in Stealth
   319 | D:1      | Reached XP level 2. HP: 12/24 MP: 7/7
   322 | D:1      | Learned a level 2 spell: Blink
  1198 | D:2      | Reached XP level 3. HP: 27/29 MP: 8/8
  1236 | D:2      | You fall into a shaft and drop 1 floor!
  1562 | D:3      | Reached XP level 4. HP: 36/36 MP: 9/9
  1628 | D:2      | Noticed Jessica
  1629 | D:2      | Killed Jessica
  1853 | D:2      | Reached XP level 5. HP: 19/41 MP: 8/10
  3159 | D:3      | Learned a level 3 spell: Teleport Other
  3497 | D:4      | Noticed Pikel
  3844 | D:4      | Reached XP level 6. HP: 50/50 MP: 11/11
  4095 | D:4      | Slain by a lemure

Illustrated notes

Levels and vault maps discovered:
D:1:      lemuel_arrival_river_passageway, layout_loops_ring
D:2:      layout_basic, uniq_jessica
D:3:      layout_basic, shapermc_ecumenical_altar_mp_urbaneastern
D:4:      layout_basic, saegor_snake_ambush, uniq_pikel

Skill      XL: |  1  2  3  4  5  6 |
---------------+-------------------+-----
Short Blades   | 2 3 4 |  4.6
Stealth        | 1 2 3 4 |  4.0
Fighting       | 2 |  2.5
Throwing       | |  0.8
Armour         | |  0.8
Dodging        | |  1.7
Spellcasting   | |  1.7
Translocations | |  2.9

Action                   |  1- 3 |  4- 6 || total
-------------------------+-------+-------++-------
Melee: Dagger            |   126 |   148 ||   274
       Short sword       |     7 |       ||     7
       Punch             |       |     3 ||     3
 Fire: Hunting sling     |       |     9 ||     9
Throw: Boomerang         |     5 |     2 ||     7
 Cast: Blink             |       |     3 ||     3
  Use: Potion            |       |     4 ||     4
       Scroll            |       |     1 ||     1
 Stab: Sleeping          |       |    10 ||    10
Armor: Leather armour    |    40 |    36 ||    76
Dodge: Dodged            |    75 |    66 ||   141

Table legend: (Time is in decaauts)
 A = Elapsed time spent in this place.
 B = Non-inter-level travel time spent in this place.
 C = Inter-level travel time spent in this place.
 D = Time resting spent in this place.
 E = Time spent auto-exploring this place.
 F = Levels seen in this place.
 G = Mean time per level.
                   A        B        C        D        E       F      G
               +--------+--------+--------+--------+--------+-----+--------+
         Total |   4036 |   3894 |    142 |    568 |   2299 |   4 | 1009.0 |
       Dungeon |   4036 |   3894 |    142 |    568 |   2299 |   4 | 1009.0 |
               +--------+--------+--------+--------+--------+-----+--------+

Top non-repeatable levels by time:
     D:3: 1241 daAuts
     D:2: 1081 daAuts
     D:1: 1042 daAuts
     D:4: 670 daAuts
